 Dungeon Crawl Stone Soup version 0.21-a0-314-gb3271ec (webtiles) character file.

1491 tilp the Firebug (level 8, -10/57 HPs)
             Began as a Hill Orc Fire Elementalist on Sept 29, 2017.
             Was a Believer of Okawaru.
             Killed from afar by sergedm's ghost (16 damage)
             ... with a spray of energy
             ... on level 7 of the Dungeon.
             The game lasted 00:20:01 (8367 turns).

tilp the Firebug (Hill Orc Fire Elementalist)       Turns: 8367, Time: 00:20:01

Health: -10/57     AC:  6    Str: 10 (11) XL:     8   Next: 80%
Magic:  15/15      EV: 12    Int: 16 (17) God:    Okawaru [**....]
Gold:   286        SH:  0    Dex: 11      Spells: 1/16 levels left

rFire    . . .     SeeInvis .   a - +1 dagger (elec)
rCold    . . .     Gourm    .   (no shield)
rNeg     . . .     Faith    .   g - +0 robe
rPois    .         Spirit   .   (no helmet)
rElec    .         Reflect  .   x - +0 cloak
rCorr    .         Harm     .   y - +2 pair of gloves
MR       .....                  (no boots)
Stlth    +.........             (no amulet)
HPRegen  0.00/turn              (no ring)
MPRegen  0.14/turn              (no ring)

@: confused
A: hooves 1, deterioration 1, inhibited regeneration, evolution 1
a: Heroism, Renounce Religion


You were on level 7 of the Dungeon.
You worshipped Okawaru.
Okawaru was pleased with you.
You were not hungry.

You visited 2 branches of the dungeon, and saw 8 of its levels.

You collected 286 gold pieces.

Inventory:

Hand Weapons
 a - a +1 dagger of electrocution (weapon)
 b - a +0 hunting sling
 r - a +0 war axe
Missiles
 f - 304 stones (quivered)
 j - 29 sling bullets
Armour
 g - a +0 robe (worn)
 x - a +0 cloak (worn)
 y - a +2 pair of gloves (worn)
Jewellery
 m - an uncursed ring of flight {unknown}
 t - a cursed -3 ring of evasion {unknown}
 w - an uncursed ring of see invisible {unknown}
Wands
 p - a wand of polymorph (10/24)
 v - a wand of iceblast (7/15)
 B - a wand of disintegration (8/24)
Scrolls
 d - 2 scrolls of magic mapping
 n - 2 scrolls of amnesia
 o - a scroll of random uselessness {unknown}
 s - 5 scrolls of remove curse
 z - a scroll of enchant armour {unknown}
 D - a scroll of enchant weapon {unknown}
 F - a scroll of silence {unknown}
 G - a scroll of identify
 J - a scroll of teleportation {unknown}
Potions
 i - 2 potions of might
 k - 2 potions of haste
 l - 2 potions of curing
 q - a potion of mutation {unknown}
 u - 3 potions of flight
 A - 4 potions of heal wounds {unknown}
 E - a potion of brilliance {unknown}
 I - a potion of degeneration {unknown}
Books
 e - a book of Flames

   Spells                             Type                      Level
   a - Flame Tongue                   Conjuration/Fire             1
   b - Throw Flame                    Conjuration/Fire             2
   c - Conjure Flame                  Conjuration/Fire             3
   d - Inner Flame                    Hexes/Fire                   3
   e - Sticky Flame                   Conjuration/Fire             4
   f - Fireball                       Conjuration/Fire             5
 h - a book of Conjurations

   Spells                             Type                      Level
   a - Magic Dart                     Conjuration                  1
   b - Searing Ray                    Conjuration                  2
   c - Dazzling Spray                 Conjuration/Hexes            3
   d - Fulminant Prism                Conjuration/Hexes            4
   e - Force Lance                    Conjuration/Translocation    4
   f - Iskenderun's Mystic Blast      Conjuration                  4
Comestibles
 c - 5 bread rations
 C - a royal jelly
 H - 5 chunks of flesh


   Skills:
 - Level 2.2 Short Blades
 - Level 1.5 Dodging
 - Level 1.5 Stealth
 + Level 4.9 Spellcasting
 + Level 5.9 Conjurations
 + Level 7.2 Fire Magic


You had one spell level left.
You knew the following spells:

 Your Spells              Type           Power        Failure   Level  Hunger
a - Flame Tongue          Conj/Fire      ###..        1%          1    None
b - Throw Flame           Conj/Fire      ###...       1%          2    ##.....
c - Conjure Flame         Conj/Fire      ###.....     3%          3    ###....
d - Sticky Flame          Conj/Fire      ###.....     11%         4    ####...
e - Fireball              Conj/Fire      ###.......   28%         5    ######.


Dungeon Overview and Level Annotations

Branches:
Dungeon (7/15)             Temple (1/1) D:4

Altars:
Ashenzari
Cheibriados
Dithmenos
Elyvilon
Fedhas
Gozag
Hepliaklqana
Kikubaaqudgha
Makhleb
Nemelex Xobeh
Okawaru
Qazlal
Ru
Sif Muna
Uskayaw
Vehumet
Wu Jian
Xom
Yredelemnul
Zin
The Shining One

Annotations:
D:4 tidbits's ghost, amateur GnWn
D:5 Sigmund
D:7 sergedm's ghost, novice DECj


Innate Abilities, Weirdness & Mutations

You have large cloven feet.
Your body sometimes deteriorates upon taking damage.
You do not regenerate when monsters are visible.
You evolve.


Message History

Press: ? - help, v - describe, . - travel
Here: sergedm's ghost The floor.
Sergedm's ghost casts a spell at you. The magic dart hits you!
You see here a quokka skeleton.
Sergedm's ghost points at you and mumbles some strange words.
The orb of energy hits you!
Ouch! That really hurt!
Your body deteriorates!
You feel dopey.
There is a stone staircase leading up here.
Sergedm's ghost casts a spell at you. The spray of energy hits you!
* * * LOW HITPOINT WARNING * * *
Your body deteriorates!
You feel weakened.
You are confused.
In your confused state, you trip and fall back down the stairs.
* * * LOW HITPOINT WARNING * * *
Sergedm's ghost casts a spell at you. The spray of energy hits you!
You die...

### #.......
##.....W.
###........
.........÷..
#########.#. #.#.
###### #.##
#....############...
#..@...W.....÷.....#
#....##.#########<##
#######.......).....
###########.## #.#
#.# #.# #.# #.#


You could see sergedm's ghost.

Vanquished Creatures
  Edmund (D:6)
  2 ice beasts
  2 sky beasts
  A centaur (D:5)
  2 bullfrogs (D:7)
  3 howler monkeys (D:7)
  A crimson imp (D:6)
  A centaur zombie (D:5)
  3 orc wizards
  A jelly (D:7)
  3 orc priests
  A hound (D:4)
  Crazy Yiuf (D:3)
  An iguana (D:4)
  2 worker ants
  A killer bee zombie (D:6)
  2 hound zombies (D:7)
  3 gnolls (D:3)
  11 adders
  An ooze (D:4)
  An adder skeleton (D:6)
  A worm (D:6)
  3 dart slugs
  5 leopard geckos
  14 orcs
  3 giant cockroaches
  6 goblins
  6 hobgoblins
  7 jackals
  3 quokkas
  3 ball pythons (D:3)
  5 bats
  4 frilled lizards
  A giant cockroach zombie (D:6)
  7 kobolds
  A leopard gecko zombie (D:7)
  5 rats
118 creatures vanquished.

Notes
Turn   | Place    | Note
-------+----------+-------------------------------------------
     0 | D:1      | tilp the Hill Orc Fire Elementalist began the quest for the Orb.
     0 | D:1      | Reached XP level 1. HP: 14/14 MP: 3/3
   474 | D:1      | Reached XP level 2. HP: 20/20 MP: 2/4
   503 | D:1      | Learned a level 2 spell: Throw Flame
  1416 | D:2      | Reached XP level 3. HP: 8/26 MP: 0/6
  1823 | D:2      | Found a hide-covered altar of Uskayaw.
  1827 | D:2      | Found a snail-covered altar of Cheibriados.
  1829 | D:2      | Found a hazy altar of Hepliaklqana.
  1835 | D:2      | Found a sacrificial altar of Ru.
  1836 | D:2      | Found an opulent altar of Gozag.
  1874 | D:2      | Reached XP level 4. HP: 23/33 MP: 7/7
  1886 | D:2      | Learned a level 3 spell: Conjure Flame
  1949 | D:2      | Reached skill level 4 in Fire Magic
  2574 | D:3      | Reached XP level 5. HP: 38/38 MP: 1/9
  3106 | D:3      | Reached skill level 1 in Short Blades
  3619 | D:3      | Reached XP level 6. HP: 43/45 MP: 10/10
  4444 | D:4      | Learned a level 4 spell: Sticky Flame
  4597 | D:4      | Reached skill level 5 in Fire Magic
  4907 | D:4      | Noticed a phantom
  5345 | D:4      | Found a runed door.
  5380 | D:4      | Found a staircase to the Ecumenical Temple.
  5410 | Temple   | Entered the Ecumenical Temple
  5489 | Temple   | Became a worshipper of Warmaster Okawaru
  5665 | D:4      | Noticed Crazy Yiuf
  5665 | D:4      | Noticed tidbits's ghost (amateur GnWn)
  5722 | D:3      | Killed Crazy Yiuf
  5923 | D:5      | Entered Level 5 of the Dungeon
  5943 | D:5      | Reached XP level 7. HP: 37/50 MP: 6/12
  6423 | D:5      | Noticed Sigmund
  6902 | D:6      | Noticed Edmund
  6983 | D:6      | Reached * piety under Okawaru
  7309 | D:6      | Reached skill level 6 in Fire Magic
  7353 | D:6      | Killed Edmund
  7353 | D:6      | Reached XP level 8. HP: 46/57 MP: 1/14
  7512 | D:6      | Reached skill level 5 in Conjurations
  7970 | D:7      | Gained mutation: You do not regenerate when monsters are visible. [mutagenic meat]
  7971 | D:7      | Gained mutation: Your body sometimes deteriorates upon taking damage. [mutagenic meat]
  7972 | D:7      | Gained mutation: You evolve. [mutagenic meat]
  7973 | D:7      | Gained mutation: Your magical capacity is low. (-10% MP) [mutagenic meat]
  7974 | D:7      | Gained mutation: You have large cloven feet. [mutagenic meat]
  7975 | D:7      | Lost mutation: Your magical capacity is low. (-10% MP) [mutagenic meat]
  8004 | D:7      | Noticed sergedm's ghost (novice DECj)
  8061 | D:7      | Reached skill level 7 in Fire Magic
  8255 | D:7      | Reached ** piety under Okawaru
  8335 | D:7      | Learned a level 5 spell: Fireball
  8367 | D:7      | Killed from afar by sergedm's ghost

Vault maps used:
D:1:      sevenhm_arrival_forest_fort_small_1
D:2:      grunt_temple_overflow_open, first_bread
D:4:      minmay_temple_entry_statues_fountains, uniq_crazy_yiuf_cottage
D:5:      uniq_sigmund
D:6:      patterned_corridor, uniq_edmund
D:7:      minmay_misc_feat_cross
Temple:   eino_temple_rhombus

Skill      XL: |  1  2  3  4  5  6  7  8 |
---------------+-------------------------+-----
Spellcasting   | 2 3 4 |  4.9
Conjurations   | 2 3 4 5 |  5.9
Fire Magic     | 4 5 6 7 |  7.2
Short Blades   | 1 2 |  2.2
Dodging        | |  1.5
Stealth        | |  1.5

Action                   |  1- 3 |  4- 6 |  7- 9 || total
-------------------------+-------+-------+-------++-------
Melee: Unarmed           |     4 |       |       ||     4
       Whip              |    55 |       |       ||    55
       Dagger            |       |   111 |   113 ||   224
       Kick              |       |       |     2 ||     2
 Fire: Hunting sling     |    18 |    38 |       ||    56
Throw: Stone             |     9 |       |       ||     9
 Cast: Flame Tongue      |    31 |    60 |    36 ||   127
       Conjure Flame     |       |     5 |     7 ||    12
       Throw Flame       |       |     8 |    11 ||    19
       Sticky Flame      |       |     2 |     5 ||     7
  Use: Potion            |     1 |     2 |       ||     3
       Scroll            |       |       |     6 ||     6
 Stab: Sleeping          |     2 |     2 |     1 ||     5
  Eat: Chunk             |     3 |    12 |     9 ||    24
       Meat ration       |       |     1 |       ||     1
       Bread ration      |       |       |     1 ||     1
Armor: Robe              |     7 |    17 |    26 ||    50
Dodge: Dodged            |    60 |    92 |    66 ||   218

Table legend:
 A = Spawn XP
 B = Non-spawn XP
 C = Spawn XP percentage of total XP
 D = Spawn monster count
 E = Non-spawn monster count
 F = Spawn count percentage of total count
 G = Total turns spent on level
                    A         B        C        D         E        F      G
               +---------+---------+-------+---------+---------+-------+---------
         Total |       0 |    2131 |   0.0 |       0 |     118 |   0.0 |  8367
               +---------+---------+-------+---------+---------+-------+---------
           D:1 |       0 |      25 |   0.0 |       0 |      15 |   0.0 |  1354
           D:2 |       0 |      99 |   0.0 |       0 |      24 |   0.0 |  1422
           D:3 |       0 |     327 |   0.0 |       0 |      33 |   0.0 |  1725
           D:4 |       0 |     144 |   0.0 |       0 |      12 |   0.0 |  1254
           D:5 |       0 |     185 |   0.0 |       0 |       4 |   0.0 |   897
           D:6 |       0 |     658 |   0.0 |       0 |      17 |   0.0 |  1002
           D:7 |       0 |     693 |   0.0 |       0 |      13 |   0.0 |   545
               +---------+---------+-------+---------+---------+-------+---------
